 Dungeon Crawl Stone Soup version 0.28.0 (webtiles) character file.

Game seed: 15198368830877927508

2131 HallandMoats the Ruffian (level 9, -3/79 HPs)
             Began as a Ghoul Monk on Feb 12, 2022.
             Was a High Priest of Okawaru.
             Killed from afar by badtown22's ghost (6 damage)
             ... with a blast of sand
             ... on level 6 of the Dungeon.
             The game lasted 00:08:25 (7641 turns).

HallandMoats the Ruffian (Ghoul Monk)               Turns: 7641, Time: 00:08:25

Health: -3/79      AC:  7    Str: 17    XL:     9   Next: 30%
Magic:  11/11      EV: 18    Int:  5    God:    Okawaru [*****.]
Gold:   263        SH:  0    Dex: 19    Spells: 8/8 levels left

rFire   . . .      SeeInvis .     - Unarmed
rCold   + . .      Faith    .   (no shield)
rNeg    + + +      Spirit   .   o - +0 ring mail
rPois   ∞          Reflect  .   (no helmet)
rElec   .          Harm     .   (no cloak)
rCorr   .          Rampage  .   (no gloves)
Will    .....                   m - +0 pair of boots
Stlth   ++........              (no amulet)
HPRegen 0.00/turn               f - +4 ring of evasion
MPRegen 0.12/turn               a - +6 ring of dexterity

@: inhibited regen
A: claws 1, cold resistance 1, negative energy resistance 3, inhibited
regeneration, torment resistance 2
a: Renounce Religion, Heroism, Finesse, Duel


You were on level 6 of the Dungeon.
You worshipped Okawaru.
Okawaru was extremely pleased with you.
You visited 1 branch of the dungeon, and saw 6 of its levels.

You collected 335 gold pieces.
You spent 72 gold pieces at shops.

Inventory:

Armour
 m - a +0 pair of boots (worn)
 o - a +0 ring mail (worn)
Jewellery
 a - a +6 ring of dexterity (right claw)
 f - a +4 ring of evasion (left claw)
Wands
 k - a wand of digging (1)
Scrolls
 d - 2 scrolls of torment
 e - 2 scrolls of fear
 i - 2 scrolls of teleportation
Potions
 b - 3 potions of curing {unknown}
 c - 2 potions of heal wounds {unknown}
 h - a potion of might {unknown}
 j - 4 potions of lignification {unknown}


   Skills:
 * Level 7.0 Fighting
 * Level 4.9 Armour
 * Level 5.8 Dodging
 - Level 2.1 Stealth
 * Level 7.1 Unarmed Combat
 + Level 4.0 Invocations


You had 8 spell levels left.
You didn't know any spells.
Your spell library contained the following spells:

 Spells                   Type           Power      Damage    Failure   Level
 Pain                     Necr           0%         1d4       67%         1
 Portal Projectile        Hex/Tloc       0%         N/A       95%         3
 Vampiric Draining        Necr           0%         2d6       95%         3
 Petrify                  Tmut/Erth      0%         N/A       100%        4
 Excruciating Wounds      Necr           0%         N/A       100%        5
 Metabolic Englaciation   Hex/Ice        0%         N/A       100%        5
 Animate Skeleton         Necr           Unusable   N/A       N/A         1
 Blade Hands              Tmut           Unusable   N/A       N/A         5
 Statue Form              Tmut/Erth      Unusable   N/A       N/A         6

Dungeon Overview and Level Annotations

Branches:
Dungeon (6/15)             Temple (0/1) D:5

Altars:
Okawaru
Yredelemnul

Shops:
D:4 :*

Annotations:
D:6 1 runed translucent door, badtown22's ghost, novice TrEE


Innate Abilities, Weirdness & Mutations

You thrive by killing the living.
You are immune to poison.
You have sharp fingernails.
Your flesh is cold resistant. (rC+)
You are immune to negative energy. (rN+++)
You do not regenerate when monsters are visible.
You are immune to unholy pain and torment.


Message History

The bullfrog barely misses you.
The bullfrog snags a nearby mouse with its tongue.
The bullfrog closely misses you.
Badtown22's ghost whispers, "The ORB doesn't exist."
You see here a +0 war axe.
The bullfrog misses you. The bullfrog closely misses you.
The bullfrog hits you. The bullfrog misses you.
You claw the bullfrog!
The bullfrog is moderately wounded.
The bullfrog barely misses you.
You scratch the bullfrog.
The bullfrog is moderately wounded.
The bullfrog hits you but does no damage. x2
You claw the bullfrog!
The bullfrog is severely wounded.
The bullfrog hits you.
You claw the bullfrog!
You kill the bullfrog!
Okawaru accepts your kill.
You completely miss badtown22's ghost. You claw badtown22's ghost!
You claw badtown22's ghost, but do no damage.
Badtown22's ghost is lightly damaged.
Badtown22's ghost hits you!!
The quokka twitches its whiskers.
You scratch badtown22's ghost.
Badtown22's ghost is lightly damaged.
Badtown22's ghost hits you!!
* * * LOW HITPOINT WARNING * * *
You claw badtown22's ghost!
Badtown22's ghost is moderately damaged.
Badtown22's ghost hits you!
* * * LOW HITPOINT WARNING * * *
You closely miss badtown22's ghost. You claw badtown22's ghost!
Badtown22's ghost is moderately damaged.
Badtown22's ghost casts a spell at you. The blast of sand hits you.
You die...

#....#≈≈≈#.................# #.#
#.##.#≈$r##.####...>.....### #.#
#.##.#≈≈≈#..# #......#.## ##.#
.....#≈≈w#### #......#.# #...
#.####≈≈≈########.....#.# #...
.....#≈≈≈#.....##....##.# #...
#.##.##'##.....##.##.##.######...
#..#.#........r##.##.##.##.......
##.#.##....w).rW@.##.##..........
.....###......F#####.#####.......
.....# #..)....# #..# ###.#...
...#.# #.......# ##.# #.#...
..##.# ######### #.# #.#...
.....######## #.# #.#...
.....#......# #.# #.....
#.##.#.####.## #.# ####.)
#.##.#.......########.# #..


You could see a bullfrog, a worm, badtown22's ghost, a river rat and a quokka.

Vanquished Creatures
  A troll (D:6)
  6 yaks
  Menkaure (D:6)
  3 ice beasts (D:5)
  A bullfrog (D:6)
  A scorpion (D:5)
  A water moccasin zombie (D:5)
  2 electric eels (D:6)
  A howler monkey (D:5)
  A bullfrog zombie (D:6)
  A hound (D:5)
  A jelly (D:4)
  A centaur skeleton (D:5)
  A bullfrog skeleton (D:5)
  Jessica (D:3)
  An iguana (D:5)
  A hound skeleton (D:4)
  A howler monkey zombie (D:5)
  7 adders
  3 gnolls (D:4)
  An adder zombie (D:3)
  A dart slug (D:1)
  9 orcs
  9 ball pythons
  5 bats
  3 endoplasms
  3 giant cockroaches
  6 goblins
  3 hobgoblins
  9 jackals
  6 quokkas
  4 frilled lizards
  A jackal zombie (D:3)
  4 kobolds
  4 rats
104 creatures vanquished.

Notes
Turn   | Place    | Note
-------+----------+-------------------------------------------
     0 | D:1      | HallandMoats the Ghoul Monk began the quest for the Orb.
     0 | D:1      | Reached XP level 1. HP: 19/19 MP: 0/0
    87 | D:1      | Reached XP level 2. HP: 13/26 MP: 1/1
   394 | D:1      | Found a faded altar of an unknown god.
   406 | D:1      | Prayed at the altar of an unknown god.
   406 | D:1      | Became a worshipper of Warmaster Okawaru
   406 | D:1      | Reached * piety under Okawaru
   406 | D:1      | Reached ** piety under Okawaru
   834 | D:1      | Reached XP level 3. HP: 13/31 MP: 2/2
  1514 | D:2      | Reached *** piety under Okawaru
  1520 | D:2      | Reached skill level 1 in Armour
  1929 | D:3      | Reached XP level 4. HP: 36/40 MP: 3/3
  2268 | D:3      | Noticed Jessica
  2279 | D:3      | Killed Jessica
  2280 | D:3      | Reached skill level 1 in Invocations
  2473 | D:3      | Reached XP level 5. HP: 44/46 MP: 4/4
  2566 | D:3      | Found a basalt altar of Yredelemnul.
  3050 | D:4      | Found Quralurph's Book Shoppe.
  3316 | D:4      | Found Deofi's General Store.
  3326 | D:4      | Bought a scroll of identify for 24 gold pieces
  3326 | D:4      | Bought 2 scrolls of identify for 48 gold pieces
  4025 | D:5      | Entered Level 5 of the Dungeon
  4025 | D:5      | Noticed an ice beast
  4025 | D:5      | Noticed an ice beast
  4034 | D:4      | Reached XP level 6. HP: 36/53 MP: 6/6
  4298 | D:5      | Noticed an ice beast
  4329 | D:5      | Killed an ice beast
  4330 | D:5      | Reached skill level 5 in Fighting
  4330 | D:5      | Reached skill level 5 in Unarmed Combat
  4330 | D:5      | Reached XP level 7. HP: 53/61 MP: 7/7
  4564 | D:5      | Noticed a yak
  4564 | D:5      | Noticed a yak
  4564 | D:5      | Noticed a yak
  4565 | D:5      | Noticed a yak
  4565 | D:5      | Noticed a yak
  4568 | D:5      | Noticed a yak
  4575 | D:5      | Killed a yak
  4575 | D:5      | Reached **** piety under Okawaru
  4606 | D:4      | Killed a yak
  4607 | D:4      | Reached XP level 8. HP: 31/69 MP: 7/9
  4794 | D:4      | Killed a yak
  4817 | D:4      | Killed a yak
  4818 | D:4      | Reached skill level 5 in Dodging
  4829 | D:4      | Killed a yak
  5097 | D:4      | Killed a yak
  5097 | D:4      | Reached ***** piety under Okawaru
  5534 | D:5      | Found a staircase to the Ecumenical Temple.
  5681 | D:6      | Noticed Menkaure
  5693 | D:6      | Killed Menkaure
  5694 | D:6      | Reached XP level 9. HP: 66/78 MP: 10/10
  5864 | D:6      | Found a runed translucent door.
  5869 | D:6      | Noticed badtown22's ghost (novice TrEE)
  5899 | D:6      | Found a runed translucent door.
  6733 | D:6      | Noticed a troll
  6752 | D:6      | Killed a troll
  7640 | D:6      | HP: 3/79 [badtown22's ghost (16)]
  7641 | D:6      | Killed from afar by badtown22's ghost

Illustrated notes

Levels and vault maps discovered:
D:1:      co_arrival_square_in_a_square_in_a_square, layout_rooms,
          ebering_ecumenical_altar_mist, kennysheep_pointless_box, minivault_26
D:2:      layout_loops_cross
D:3:      layout_loops_ring, lemuel_zombie_altar_yredelemnul,
          mrwooster_statue_mirror, uniq_jessica
D:4:      layout_basic, serial_shops, nicolae_shop_behind_doors, shop,
          minivault_27
D:5:      layout_rooms, minmay_temple_entry_ruins
D:6:      layout_loops_cross, ebering_ghost_sewer_f, kennysheep_donut,
          minivault_14, uniq_menkaure

Skill      XL: |  1  2  3  4  5  6  7  8  9 |
---------------+----------------------------+-----
Dodging        | 3 4 5 |  5.8
Armour         | 1 2 3 4 |  4.9
Fighting       | 4 5 6 7 |  7.0
Unarmed Combat | 4 5 6 7 |  7.1
Invocations    | 1 2 3 4 |  4.0
Stealth        | |  2.1

Action                   |  1- 3 |  4- 6 |  7- 9 || total
-------------------------+-------+-------+-------++-------
Melee: Unarmed           |   110 |   188 |   165 ||   463
       Punch             |     4 |     4 |    10 ||    18
Invok: Heroism           |       |       |     1 ||     1
  Use: Scroll            |       |     3 |     4 ||     7
 Stab: Sleeping          |     8 |     4 |       ||    12
Armor: Robe              |    16 |    11 |       ||    27
       Ring mail         |       |    24 |    22 ||    46
Dodge: Dodged            |    84 |   190 |    98 ||   372
